 Dungeon Crawl Stone Soup version 0.20-a0-738-gb057e68 (webtiles) character file.

1425 polly the Quickloader (level 9, -1/102 HPs)
             Began as a Formicid Hunter on Feb 24, 2017.
             Killed from afar by Dowan (8 damage)
             ... with a stone arrow
             ... on level 5 of the Dungeon.
             The game lasted 00:09:28 (5602 turns).

polly the Quickloader (Formicid Hunter)             Turns: 5602, Time: 00:09:29

Health: -1/102     AC: 24    Str: 17    XL:     9   Next: 2%
Magic:  9/9        EV:  2    Int: 16    God:
Gold:   250        SH:  0    Dex: 19    Spells: 8/8 levels left

rFire    . . .     SeeInvis .   w - +7 dagger "Ciecyigh" {venom, MR+}
rCold    . . .     Gourm    .   (armour currently unavailable)
rNeg     + + +     Faith    .   (no shield)
rPois    +         Spirit   .   (helmet unavailable)
rElec    .         Reflect  .   (cloak currently unavailable)
rCorr    .         Harm     .   (gloves currently unavailable)
MR       +....                  (boots currently unavailable)
Stlth    +++.......             (no amulet)
Regen    0.3/turn               (no ring)
MPRegen  0.2/turn               (no ring)

@: brilliant, agile, tree-form
A: permanent stasis, dig shafts and tunnels, four strong arms, (antennae 0)
a: no special abilities


You were on level 5 of the Dungeon.
You were not hungry.
You were a tree.
You visited 1 branch of the dungeon, and saw 5 of its levels.

You collected 250 gold pieces.

Inventory:

Hand Weapons
 a - a +1 hand crossbow
 s - a +2 halberd of freezing
 w - the +7 dagger "Ciecyigh" (weapon) {venom, MR+}
   (You found it on level 4 of the Dungeon)

   It poisons the flesh of those it strikes.
   It affects your resistance to hostile enchantments.
Missiles
 d - 6 bolts
Armour
 c - a +0 leather armour (melded)
 n - a +0 pair of gloves (melded)
 t - a +0 cloak (melded)
Wands
 g - a wand of disintegration (8/24)
Scrolls
 b - a scroll of recharging {unknown}
 e - 2 scrolls of magic mapping {unknown}
 h - 3 scrolls of identify
 i - 2 scrolls of teleportation
 k - 2 scrolls of amnesia {unknown}
 o - 5 scrolls of remove curse
 p - a scroll of blinking {unknown}
 q - a scroll of enchant armour {unknown}
 u - a scroll of fear {unknown}
Potions
 l - 2 potions of flight
 m - a potion of agility
 r - 3 potions of brilliance
Comestibles
 f - 4 bread rations
 j - 2 royal jellies
 v - a meat ration
 x - 3 fruits
 A - a chunk of flesh


   Skills:
 * Level 5.1 Fighting
 + Level 1.1 Short Blades
 + Level 3.4 Polearms
 * Level 8.5 Crossbows
 * Level 3.4 Armour
 + Level 2.3 Dodging
 + Level 2.8 Stealth


You had 8 spell levels left.
You didn't know any spells.

Dungeon Overview and Level Annotations

Branches:
Dungeon (5/15)
 Temple: D:4-7

Altars:
Ashenzari
Ru

Annotations:
D:5 Dowan


Innate Abilities, Weirdness & Mutations

You cannot be hasted, slowed, berserked, paralysed or teleported.
You can dig through walls and to a lower floor.
Your four strong arms can wield two-handed weapons with a shield.
((You have a pair of large antennae on your head. (SInv)))


Message History

You barely miss Dowan. Dowan hits you but does no damage.
The adder bites you but does no damage. The orc hits you but does no damage.
Dowan hits you but does no damage.
You hit Dowan.
Dowan is poisoned.
Dowan is lightly wounded.
The adder bites you but does no damage. Dowan hits you but does no damage.
The orc hits you but does no damage.
You puncture Dowan!
Dowan looks as sick as possible!
Dowan is heavily wounded.
Dowan hits you but does no damage. The adder bites you but does no damage.
You closely miss Dowan.
Dowan is heavily wounded.
Dowan hits you but does no damage. The adder bites you but does no damage.
The orc hits you but does no damage. Dowan barely misses you.
The adder bites you but does no damage.
You closely miss Dowan.
Dowan is heavily wounded.
Dowan gestures at you while chanting.
Helpless, you fail to dodge the stone arrow.
You die...

................###.#.#.# #.
.....................#.####.
.............#.....###......
.......)...###.............
..........................
........................
.........#..............
.......e#.(#............
.......♣o.###...........
........S.# #...........
....#..##.###........... ..#
#.. #..##........... . #..
##.##........... #..
#..##.......... ##.
#......).......
......#..#.........
.#...###.#.........


You could see Dowan, an adder and an orc.

Vanquished Creatures
  Sigmund (D:3)
  Duvessa (D:5)
  An ogre (D:5)
  A bullfrog (D:5)
  A gnoll sergeant (D:3)
  A scorpion (D:4)
  2 howler monkeys
  An orc wizard (D:3)
  Crazy Yiuf (D:3)
  3 gnoll shamans (D:3)
  2 orc priests (D:3)
  Jessica (D:3)
  A worker ant (D:5)
  Natasha (thrice) (D:3)
  34 gnolls
  6 adders
  2 oozes (D:2)
  4 worms
  4 dart slugs
  14 orcs
  2 ball pythons
  2 giant cockroaches
  9 goblins
  5 hobgoblins
  19 jackals
  A quokka (D:3)
  5 bats
  4 frilled lizards
  5 kobolds
  7 rats
  2 fungi (D:3)
  A plant (D:3)
146 creatures vanquished.

Notes
Turn   | Place    | Note
-------+----------+-------------------------------------------
     0 | D:1      | polly the Formicid Hunter began the quest for the Orb.
     0 | D:1      | Reached XP level 1. HP: 16/16 MP: 1/1
   235 | D:1      | Reached XP level 2. HP: 22/22 MP: 2/2
  1059 | D:2      | Reached XP level 3. HP: 27/27 MP: 3/3
  1085 | D:2      | Reached skill level 5 in Crossbows
  1236 | D:2      | Reached XP level 4. HP: 33/33 MP: 4/4
  1863 | D:3      | Reached skill level 1 in Armour
  1876 | D:3      | Noticed Sigmund
  1922 | D:3      | Killed Sigmund
  1922 | D:3      | Reached skill level 6 in Crossbows
  1922 | D:3      | Reached XP level 5. HP: 32/40 MP: 5/5
  1922 | D:3      | Reached XP level 6. HP: 37/46 MP: 6/6
  2031 | D:3      | Noticed Natasha
  2046 | D:3      | Killed Natasha
  2530 | D:3      | Reached skill level 7 in Crossbows
  2530 | D:3      | Reached XP level 7. HP: 52/52 MP: 7/7
  2683 | D:3      | Noticed Natasha
  2688 | D:3      | Killed Natasha
  2754 | D:3      | Noticed Jessica
  2758 | D:3      | Killed Jessica
  2842 | D:3      | Found a sacrificial altar of Ru.
  3102 | D:3      | Reached skill level 8 in Crossbows
  3194 | D:3      | Reached XP level 8. HP: 60/60 MP: 8/8
  3221 | D:3      | Noticed Natasha
  3223 | D:3      | Killed Natasha
  3817 | D:3      | Reached skill level 1 in Polearms
  4445 | D:3      | Found a runed door.
  4450 | D:3      | Noticed Crazy Yiuf
  4452 | D:3      | Killed Crazy Yiuf
  4891 | D:4      | Got a translucent dagger
  4892 | D:4      | Identified the +7 dagger "Ciecyigh" {venom, MR+} (You found it on level 4 of the Dungeon)
  5332 | D:5      | Entered Level 5 of the Dungeon
  5350 | D:5      | Found a shattered altar of Ashenzari.
  5383 | D:5      | Reached skill level 5 in Fighting
  5565 | D:5      | Noticed Duvessa
  5566 | D:5      | Noticed Dowan
  5580 | D:5      | Killed Duvessa
  5580 | D:5      | Reached skill level 1 in Short Blades
  5580 | D:5      | Reached XP level 9. HP: 14/68 MP: 9/9
  5585 | D:5      | HP: 2/68 [Dowan/stone arrow (13)]
  5602 | D:5      | Killed from afar by Dowan

Vault maps used:
D:1:      saegor_arrival_simple_d, minmay_pentomino_t2
D:2:      st_stairs_13
D:3:      lemuel_castle_with_subvaults, lemuel_doored_altar, uniq_natasha,
          uniq_jessica, uniq_crazy_yiuf_cottage, uniq_sigmund
D:4:      first_bread, portal_sewer_entry_d, minivault_25
D:5:      minmay_temple_entry_glassed_door, serial_shops, shop, minivault_19,
          evilmike_ruin_ashenzari, uniq_duvessa

Skill      XL: |  1  2  3  4  5  6  7  8 |
---------------+-------------------------+-----
Crossbows      | 5 6 7 8 |  8.5
Armour         | 1 2 3 |  3.4
Fighting       | 3 4 5 |  5.1
Stealth        | 2 |  2.8
Dodging        | 2 |  2.3
Polearms       | 3 |  3.4
Short Blades   | 1 |  1.1

Action                   |  1- 3 |  4- 6 |  7- 9 || total
-------------------------+-------+-------+-------++-------
Melee: Short sword       |       |    43 |       ||    43
       Halberd           |       |       |    84 ||    84
       Dagger            |       |       |    51 ||    51
 Fire: Hand crossbow     |    45 |   109 |   120 ||   274
  Use: Potion            |       |       |     7 ||     7
       Scroll            |       |       |     2 ||     2
 Stab: Sleeping          |       |       |     1 ||     1
  Eat: Royal jelly       |       |     1 |       ||     1
       Chunk             |       |     3 |    10 ||    13
Armor: Leather armour    |     1 |    13 |    34 ||    48
       Skin              |       |       |    22 ||    22
Dodge: Dodged            |     7 |    36 |   107 ||   150
